 Dungeon Sprint DCSS version 0.26-a0-720-g2a1d101370 (webtiles) character file.

Game seed: 6546191745116275568

683 rocky1 the Blocker (level 7, -5/52 HPs)
             Began as a Formicid Fighter on Nov 3, 2020.
             Was an Elder of Cheibriados.
             Hit by a large rock thrown by a cyclops (35 damage)
             ... in the Dungeon (Sprint IX: "|||||||||||||||||||||||||||||").
             The game lasted 00:03:18 (336 turns).

rocky1 the Blocker (Formicid Fighter)                Turns: 336, Time: 00:03:19

Health: -5/52      AC: 14    Str: 35    XL:     7   Next: 93%
Magic:  11/12      EV: 13    Int: 19    God:    Cheibriados [****..]
Gold:   0          SH: 14    Dex: 19    Spells: 6/6 levels left

rFire    . . .     SeeInvis +   k - +2 scimitar (flame)
rCold    . . .     Faith    .   c - +0 kite shield
rNeg     . . .     Spirit   .   p - +1 chain mail
rPois    .         Reflect  .   (helmet unavailable)
rElec    .         Harm     .   m - +0 cloak
rCorr    .         Rampage  .   l - +0 pair of gloves
MR       .....                  (no boots)
Stlth    ..........             (no amulet)
HPRegen  0.17/turn              n - +3 ring of strength
MPRegen  0.13/turn              o - +3 ring of intelligence

@: very slightly contaminated, invisible, very slow
A: permanent stasis, dig shafts and tunnels, four strong arms, antennae 3
a: Dig, Bend Time, Temporal Distortion, Slouch, Renounce Religion


You were in the Dungeon.
You worshipped Cheibriados.
Cheibriados was greatly pleased with you.
You visited 1 branch

Inventory:

Hand Weapons
 k - a +2 scimitar of flaming (weapon)
Armour
 c - a +0 kite shield (worn)
 l - a +0 pair of gloves (worn)
 m - a +0 cloak (worn)
 p - a +1 chain mail (worn)
Jewellery
 n - a +3 ring of strength (left hand)
 o - a +3 ring of intelligence (right hand)
Wands
 j - a wand of iceblast (10)
Scrolls
 h - 3 scrolls of remove curse
 i - 2 scrolls of amnesia
Potions
 e - 5 potions of curing
 f - 3 potions of heal wounds
 g - 4 potions of magic


   Skills:
 - Level 3.2 Fighting
 + Level 9.1 Long Blades
 + Level 7.2 Armour
 + Level 5.1 Dodging
 + Level 11.1 Shields
 + Level 6.8 Invocations


You had 6 spell levels left.
You didn't know any spells.
Your spell library was empty.

Dungeon Overview and Level Annotations

Branches:
Dungeon (1/1)

Altars:
Cheibriados
Dithmenos
Elyvilon
Fedhas
Gozag
Hepliaklqana
Kikubaaqudgha
Makhleb
Nemelex Xobeh
Okawaru
Qazlal
Ru
Sif Muna
Trog
Uskayaw
Vehumet
Wu Jian
Xom
Yredelemnul
Zin
The Shining One
Beogh
Jiyva
Lugonu


Innate Abilities, Weirdness & Mutations

You cannot be hasted, slowed, berserked, paralysed or teleported.
You can dig through walls and to a lower floor.
Your four strong arms can wield two-handed weapons with a shield.
You have a pair of large antennae on your head. (SInv)


Message History

Your Armour skill increases to level 7!
Your Dodging skill increases to level 5!
Your Shields skill increases to level 11!
You barely miss the adder skeleton. You block the adder skeleton's attack.
The cyclops throws a large rock.
The large rock hits the adder skeleton!
You slash the adder skeleton! You burn the adder skeleton.
You destroy the adder skeleton!
Cheibriados thoroughly appreciates the change of pace.
You can now inflict damage on those overly hasty.
Cheibriados raises the support of your attributes as your movement slows.
The kobold demonologist casts a spell.
The cyclops throws a large rock.
The large rock hits the shadow imp!!
The shadow imp dies!
The neqoxec disappears in a puff of smoke!
The cyclops throws a large rock.
The large rock misses you.
Things that are here:
a large rock; a +0 halberd; a +0 plate armour The cyclops throws a large rock.
The large rock hits you!!
Ouch! That really hurt!
You die...

▓+▓
▓§▓
▓K▓
▓C▓
▓@▓
▓(▓
▓†▓
▓†▓
▓.▓
▓.▓
▓(▓
▓.▓
▓)▓


You could see a cyclops and a kobold demonologist.

Vanquished Creatures
  A yak (D)
  An orc warrior (D)
  A centaur (D)
  A big kobold (D)
  2 scorpions (D)
  A howler monkey (D)
  A hound (D)
  2 worker ants (D)
  An adder (D)
  A white imp (D)
  An adder skeleton (D)
  2 hobgoblins (D)
  2 bats (D)
  A jackal skeleton (D)
  A rat (D)
19 creatures vanquished.

Vanquished Creatures (others)
  A sky beast (D)
1 creature vanquished.

Grand Total: 20 creatures vanquished

Notes
Turn   | Place    | Note
-------+----------+-------------------------------------------
     0 | D        | rocky1 the Formicid Fighter began the quest for the Orb.
     0 | D        | Reached XP level 1. HP: 18/18 MP: 1/1
     5 | D        | Reached skill level 4 in Shields
    32 | D        | Noticed a scorpion
    32 | D        | Noticed a worker ant
    32 | D        | Noticed a hound
    35 | D        | Killed a hound
    35 | D        | Reached skill level 6 in Shields
    35 | D        | Reached XP level 2. HP: 20/24 MP: 2/2
    35 | D        | Reached XP level 3. HP: 24/29 MP: 3/3
    39 | D        | Reached skill level 5 in Long Blades
    39 | D        | Reached skill level 7 in Shields
    39 | D        | Reached XP level 4. HP: 26/35 MP: 4/4
    51 | D        | Reached skill level 8 in Shields
    51 | D        | Reached XP level 5. HP: 25/41 MP: 5/5
    62 | D        | Found a roughly hewn altar of Beogh.
    62 | D        | Found a snail-covered altar of Cheibriados.
    62 | D        | Found a shadowy altar of Dithmenos.
    62 | D        | Found a white marble altar of Elyvilon.
    62 | D        | Found a blossoming altar of Fedhas.
    62 | D        | Found an opulent altar of Gozag.
    63 | D        | Found a hazy altar of Hepliaklqana.
    64 | D        | Found a viscous altar of Jiyva.
    65 | D        | Found an ancient bone altar of Kikubaaqudgha.
    68 | D        | Became a worshipper of Cheibriados the Contemplative
    69 | D        | Found a corrupted altar of Lugonu.
    70 | D        | Found a burning altar of Makhleb.
    71 | D        | Found a sparkling altar of Nemelex Xobeh.
    72 | D        | Found an iron altar of Okawaru.
    73 | D        | Found a stormy altar of Qazlal.
    74 | D        | Found a sacrificial altar of Ru.
    75 | D        | Found a shimmering blue altar of Sif Muna.
    76 | D        | Found a bloodstained altar of Trog.
    77 | D        | Found a hide-covered altar of Uskayaw.
    78 | D        | Found a radiant altar of Vehumet.
    79 | D        | Found an ornate altar of the Wu Jian Council.
    80 | D        | Found a shimmering altar of Xom.
    81 | D        | Found a basalt altar of Yredelemnul.
    82 | D        | Found a glowing silver altar of Zin.
    83 | D        | Found a glowing golden altar of the Shining One.
   163 | D        | Noticed a big kobold
   163 | D        | Noticed a centaur
   163 | D        | Noticed a sky beast
   168 | D        | Reached skill level 1 in Dodging
   168 | D        | Reached skill level 9 in Shields
   168 | D        | Reached skill level 1 in Invocations
   173 | D        | Killed a sky beast
   173 | D        | Reached XP level 6. HP: 31/47 MP: 5/8
   177 | D        | Reached * piety under Cheibriados
   177 | D        | Reached skill level 5 in Armour
   177 | D        | Reached skill level 10 in Shields
   190 | D        | Reached ** piety under Cheibriados
   190 | D        | Reached skill level 5 in Invocations
   190 | D        | Reached XP level 7. HP: 34/52 MP: 7/10
   315 | D        | Noticed a kobold demonologist
   315 | D        | Noticed a cyclops
   315 | D        | Noticed a yak
   324 | D        | Noticed a neqoxec
   325 | D        | Killed a yak
   325 | D        | Reached *** piety under Cheibriados
   332 | D        | Reached skill level 5 in Dodging
   332 | D        | Reached skill level 11 in Shields
   334 | D        | Reached **** piety under Cheibriados
   336 | D        | Hit by a large rock thrown by a cyclops

Illustrated notes

Levels and vault maps discovered:
D:        linesprint [early_d, line_temple, items_1, d_10, items_2, lair_1,
          lair_end, items_3, orc_1, orc_end, items_4, d_15, swamp_1, shoals_1,
          snake_1, spider_1, d_20, vaults_1, items_5, swamp_end, shoals_end,
          snake_end, spider_end, vaults_end, d_27, items_6, zot_1, zot_end,
          crypt_end, forest_end, elf_end, slime_end, tomb_end, abyss_end,
          pan_hell_end]

Skill      XL: |  1  2  3  4  5  6  7 |
---------------+----------------------+-----
Shields        | 6 7 8 9 10 11 | 11.1
Long Blades    | 4 5 6 7 8 9 |  9.1
Dodging        | 2 3 5 |  5.1
Invocations    | 3 5 6 |  6.8
Armour         | 4 5 7 |  7.2
Fighting       | |  3.2

Action                   |  1- 3 |  4- 6 |  7- 9 || total
-------------------------+-------+-------+-------++-------
Melee: Long sword        |    22 |    16 |       ||    38
       Scimitar          |       |    25 |    19 ||    44
  Use: Potion            |     1 |       |     1 ||     2
Armor: Scale mail        |    10 |     6 |       ||    16
       Chain mail        |       |     6 |     2 ||     8
Dodge: Dodged            |     7 |    12 |     7 ||    26
Block: Kite shield       |    16 |    10 |     6 ||    32
       Rpst.: Long sword |     1 |     1 |       ||     2
       Scimitar          |       |     5 |     3 ||     8

Table legend: (Time is in decaauts)
 A = Elapsed time spent in this place.
 B = Non-inter-level travel time spent in this place.
 C = Inter-level travel time spent in this place.
 D = Time resting spent in this place.
 E = Time spent auto-exploring this place.
 F = Levels seen in this place.
 G = Mean time per level.
                   A        B        C        D        E       F      G
               +--------+--------+--------+--------+--------+-----+--------+
         Total |    360 |    360 |      0 |    134 |      0 |   1 |  360.0 |
       Dungeon |    360 |    360 |      0 |    134 |      0 |   1 |  360.0 |
               +--------+--------+--------+--------+--------+-----+--------+

Top non-repeatable levels by time:
       D: 360 daAuts
